 Dungeon Crawl Stone Soup version 0.24.0-123-gd5b16e6ec5 (webtiles) character file.

Game seed: 10919681584992418643, levelgen mode: deterministic

497 FishyPogo the Fighter (level 7, 0/73 HPs)
             Began as a Hill Orc Monk on Jan 2, 2020.
             Succumbed to an orc wizard's poison
             ... on level 3 of the Dungeon.
             The game lasted 00:08:48 (2820 turns).

FishyPogo the Fighter (Hill Orc Monk)               Turns: 2820, Time: 00:08:48

Health: 0/73       AC:  3    Str: 16    XL:     7   Next: 15%
Magic:  7/7        EV: 21    Int: 10    God:
Gold:   100        SH:  0    Dex: 18    Spells: 6/6 levels left

rFire    . . .     SeeInvis .   a - +1 hand axe
rCold    . . .     Gourm    .   (no shield)
rNeg     . . .     Faith    .   b - +1 robe
rPois    .         Spirit   .   (no helmet)
rElec    .         Reflect  .   (no cloak)
rCorr    +         Harm     .   (no gloves)
MR       .....                  (no boots)
Stlth    +++.......             (no amulet)
HPRegen  0.22/turn              (no ring)
MPRegen  0.10/turn              i - ring of resist corrosion

@: agile, lethally poisoned (0 -> -3), very slightly contaminated, invisible
A: no striking features
a: no special abilities


You were on level 3 of the Dungeon.
You were hungry.

You visited 1 branch of the dungeon, and saw 4 of its levels.

You collected 100 gold pieces.

Inventory:

Hand Weapons
 a - a +1 hand axe (weapon)
 g - a +2 short sword of venom
Missiles
 d - 7 boomerangs (quivered)
 e - 121 stones
 p - 8 javelins
Armour
 b - a +1 robe (worn)
Jewellery
 i - a ring of resist corrosion (right hand)
Wands
 l - a wand of polymorph (5)
Scrolls
 j - a scroll of teleportation {unknown}
 m - a scroll of magic mapping
 o - 4 scrolls of identify
Potions
 n - a potion of agility
Comestibles
 c - 8 rations
 q - 5 chunks of flesh


   Skills:
 * Level 10.8 Fighting
 - Level 10.7 Axes
 + Level 9.0 Armour
 - Level 6.1 Dodging
 - Level 1.5 Stealth
   Level 3.0 Shields


You had 6 spell levels left.
You didn't know any spells.
Your spell library was empty.

Dungeon Overview and Level Annotations

Branches:
Dungeon (4/15)
 Temple: D:4-7

Altars:
Elyvilon


Message History

You have reached level 7!
* * * LOW HITPOINT WARNING * * *
You feel sick.
The orc wizard hits you but does no damage.
The orc wizard hits you with a +0 dagger of venom.
* * * LOW HITPOINT WARNING * * *
Unknown command.
It was a potion of agility.
You feel agile all of a sudden.
* * * LOW HITPOINT WARNING * * *
You feel sick. The orc wizard closely misses you.
Unknown command.
It was a potion of invisibility.
You fade into invisibility!
The orc wizard closely misses you. The orc wizard completely misses you.
You are very lightly contaminated with residual magic.
Okay, then.
As you read the scroll labeled CERICOACIUP, it crumbles to dust.
You feel aware of your surroundings.
It was a scroll of magic mapping.
You die...

รท....# #.# #.# .....# #.#
#.# .....# #.#*#.# .....#
#..*#.# .....# #..*#.#
************** .....#
#..*#.# *,,,,<,,,,,,,*
<##### *,,,#.#
*,************ ## *,*,#.#
*,* *,*,#@# *,* *,*,#o#
*,* *,#...#**,******
#......,,,,,,,,*****
******####..##*,**,,,,,,>*
*,,,,,,,,..># *,**,*,***,*
*,******##### *<**,*,* *,*
*,* *********,**,*,***,***
*,* *,,,,,,,,,,,,,,,,,,,,*


You could see an orc wizard.

Vanquished Creatures
  An orc wizard (D:3)
  2 adders (D:3)
  An adder skeleton (D:4)
  2 worms
  6 leopard geckos
  4 orcs
  A giant cockroach (D:1)
  3 goblins (D:1)
  10 hobgoblins
  3 jackals (D:2)
  3 ball pythons
  9 bats
  7 frilled lizards
  11 kobolds
  8 rats
71 creatures vanquished.

Vanquished Creatures (others)
  A bush (D:1)
  A plant (D:1)
2 creatures vanquished.

Grand Total: 73 creatures vanquished

Notes
Turn   | Place    | Note
-------+----------+-------------------------------------------
     0 | D:1      | FishyPogo the Hill Orc Monk began the quest for the Orb.
     0 | D:1      | Reached XP level 1. HP: 19/19 MP: 1/1
   358 | D:1      | Reached XP level 2. HP: 20/27 MP: 2/2
   474 | D:1      | Reached skill level 1 in Armour
   476 | D:1      | HP: 1/27 [hobgoblin/+0 club (6)]
   868 | D:1      | Reached XP level 3. HP: 29/34 MP: 3/3
  2168 | D:2      | Reached XP level 4. HP: 34/41 MP: 4/4
  2351 | D:4      | Noticed an ogre
  2367 | D:3      | Reached skill level 5 in Fighting
  2620 | D:3      | Found a white marble altar of Elyvilon.
  2809 | D:3      | Reached XP level 5. HP: 23/49 MP: 5/5
  2814 | D:3      | HP: 2/49 [orc wizard/magic dart (9)]
  2816 | D:3      | Reached XP level 6. HP: 6/64 MP: 6/6
  2817 | D:3      | Reached skill level 10 in Fighting
  2817 | D:3      | Reached skill level 10 in Axes
  2817 | D:3      | Reached XP level 7. HP: 5/73 MP: 7/7
  2820 | D:3      | Succumbed to an orc wizard's poison

Levels and vault maps discovered:
D:1:      dpeg_arrival_concentric_ovals, layout_basic, lexackson_kobold_supper
D:2:      minmay_wonky_spiral, layout_basic
D:3:      layout_basic, elyvilon_altar_3
D:4:      layout_basic, vehumet_statue, first_ration

Skill      XL: |  1  2  3  4  5  6 |
---------------+-------------------+-----
Fighting       | 4 5 9 10 | 10.8
Armour         | 1 2 7 9 |  9.0
Dodging        | 3 4 6 |  6.1
Axes           | 9 10 | 10.7
Shields        | 3 |  3.0
Stealth        | |  1.5

Action                   |  1- 3 |  4- 6 |  7- 9 || total
-------------------------+-------+-------+-------++-------
Melee: Hand axe          |   253 |    78 |       ||   331
Throw: Boomerang         |     8 |       |       ||     8
  Use: Scroll            |     5 |       |     1 ||     6
       Potion            |       |     4 |     2 ||     6
 Stab: Sleeping          |     2 |     1 |       ||     3
  Eat: Chunk             |     4 |     2 |       ||     6
Armor: Robe              |    35 |    14 |     1 ||    50
Dodge: Dodged            |   146 |    49 |     3 ||   198
